AoeStats
← CHACHINN

Fortress

508588196Analyzed
4v4 RM · 10d ago on Sep 23, 2026· 80m 27s· 8 players
Game mode
Random Map
Map size
Huge
Population
200
Speed
Normal
Resources
Standard
Victory
Conquest
Starting age
Dark Age
Ending age
Imperial Age
RankedLock teamsTeams togetherTeam positionsShared explorationLock speedFull tech treeHidden civsTurbo modeCheats
Victory
Defeat
🇺🇸 Koreans · United States
729
+16
🇨🇴 Celts · Colombia
725
+17
🇹🇼 Burgundians · Taiwan
677
+19
🇹🇼 Shu · Taiwan
675
+19
🇧🇷 Sicilians · Brazil
789
-21
🇦🇷 Huns · Argentina
742
-18
🇩🇪 Lithuanians · Germany
732
-17
🇦🇷 Portuguese · Argentina
679
-15
zaff007008
8:45 Feudal Age
9:17 Double-Bit Axe
9:16 Horse Collar
15:25 Castle Age
15:11 Fletching
18:37 Bow Saw
19:40 Gold Mining
19:44 Stone Mining
21:31 Crossbowman
22:23 Thumb Ring
27:18 Imperial Age
25:33 Bodkin Arrow
25:52 Loom
27:49 Wheelbarrow
26:59 Elite Skirmisher
27:07 Pikeman
29:21 Gold Shaft Mining
30:51 Squires
30:37 Arson
33:14 Chemistry
33:26 Heavy Plow
34:08 Ballistics
35:06 Conscription
35:34 Bracer
35:46 Forging
35:49 Halberdier
37:19 Hand Cart
37:30 Arbalester
41:43 Iron Casting
41:09 Scale Mail Armor
50:45 Chain Mail Armor
71:29 Treadmill Crane
72:01 Masonry
72:07 Fortified Wall
71:56 Murder Holes
72:39 Plate Mail Armor
sergiorh300
1:07 Loom
9:07 Feudal Age
9:45 Double-Bit Axe
9:45 Horse Collar
14:14 Gold Mining
14:16 Stone Mining
17:26 Castle Age
21:46 Forging
21:36 Scale Mail Armor
24:49 Iron Casting
30:53 Fletching
linsanity1105
0:52 Loom
8:34 Feudal Age
9:30 Double-Bit Axe
9:28 Horse Collar
13:26 Castle Age
13:07 Heavy Plow
13:01 Gold Mining
13:02 Stone Mining
15:32 Bow Saw
16:30 Wheelbarrow
18:07 Crop Rotation
20:37 Burgundian Vineyards
22:40 Scale Barding Armor
23:18 Hand Cart
28:40 Imperial Age
26:10 Treadmill Crane
27:15 Chain Barding Armor
27:06 Forging
28:39 Caravan
29:33 Gold Shaft Mining
29:53 Conscription
29:52 Elite Coustillier
32:43 Plate Barding Armor
32:44 Iron Casting
33:51 Chemistry
33:12 Ballistics
34:34 Husbandry
35:45 Blast Furnace
38:26 Padded Archer Armor
38:16 Fletching
38:26 Murder Holes
50:49 Bodkin Arrow
51:10 Leather Archer Armor
51:17 Bombard Tower
隊友不准投降不准弱
9:55 Feudal Age
10:35 Horse Collar
10:41 Double-Bit Axe
15:24 Castle Age
13:56 Loom
14:03 Town Watch
14:42 Fletching
14:53 Padded Archer Armor
16:11 Heavy Plow
17:07 Crossbowman
18:38 Bodkin Arrow
22:25 Ballistics
27:16 Leather Archer Armor
33:38 Imperial Age
34:33 Thumb Ring
34:32 Bracer
34:08 Arbalester
37:59 Conscription
38:36 Ring Archer Armor
44:27 Bolt Magazine
64:26 Caravan
BiTTensor
8:24 Feudal Age
8:51 Double-Bit Axe
8:49 Horse Collar
9:51 Wheelbarrow
9:05 Loom
10:24 Stone Mining
14:26 Castle Age
14:04 Man-at-Arms
18:07 Bow Saw
18:12 Heavy Plow
19:36 Gold Mining
26:20 Imperial Age
26:37 Scale Barding Armor
26:43 Forging
27:22 Conscription
26:32 Capped Ram
29:34 Chain Barding Armor
29:16 Scale Mail Armor
29:51 Iron Casting
28:40 Pikeman
32:42 Bloodlines
32:34 Husbandry
33:12 Plate Barding Armor
34:11 Halberdier
34:43 Light Cavalry
35:45 Caravan
36:19 Squires
36:56 Crop Rotation
37:47 Elite Leitis
39:49 Chemistry
42:09 Hand Cart
41:42 Winged Hussar
CHACHINN
5:38 Loom
8:40 Feudal Age
10:38 Horse Collar
10:45 Double-Bit Axe
18:13 Castle Age
32:18 Imperial Age
29:58 Husbandry
30:53 Bloodlines
30:54 Scale Barding Armor
34:48 Heavy Plow
36:33 Chain Barding Armor
36:40 Cavalier
38:53 Plate Barding Armor
50:12 Paladin
57:12 Caravan
63:06 Gold Mining
65:26 Light Cavalry
69:18 Ballistics
69:05 Padded Archer Armor
68:55 Fletching
70:05 Elite Skirmisher
76:00 Hussar
77:25 Scale Mail Armor
77:23 Bodkin Arrow
DISK PIZZA
8:53 Feudal Age
10:37 Wheelbarrow
9:51 Double-Bit Axe
11:33 Horse Collar
11:47 Gold Mining
11:47 Stone Mining
15:45 Castle Age
17:56 Scale Mail Armor
18:07 Forging
19:59 Chain Mail Armor
20:20 Iron Casting
37:34 Imperial Age
43:04 Elite Skirmisher
46:36 Bow Saw
45:54 Elite Serjeant
56:04 Caravan
geln897
9:16 Feudal Age
14:34 Double-Bit Axe
14:35 Horse Collar
16:51 Wheelbarrow
18:49 Castle Age
16:55 Gold Mining
16:56 Stone Mining
17:02 Stone Mining
18:43 Wheelbarrow
22:53 Stone Shaft Mining
22:20 Loom
24:06 Hand Cart
24:54 Town Watch
26:37 Town Patrol
27:01 Bow Saw
26:55 Heavy Plow
35:49 Pikeman
36:14 Gambesons
39:13 Imperial Age
38:55 Forging
38:46 Scale Mail Armor
40:04 Iron Casting
40:15 Chain Mail Armor
40:05 Halberdier
42:07 Blast Furnace
41:31 Elite Organ Gun
43:59 Plate Mail Armor
44:37 Scale Barding Armor
45:54 Fletching
46:05 Padded Archer Armor
45:29 Elite Skirmisher
46:15 Thumb Ring
49:38 Ballistics
50:19 Chemistry
51:09 Masonry
52:13 Bloodlines
52:04 Husbandry
51:26 Cavalier
55:35 Chain Barding Armor
55:11 Bodkin Arrow
55:32 Leather Archer Armor
60:07 Plate Barding Armor
61:50 Bodkin Arrow
62:11 Leather Archer Armor
66:37 Ring Archer Armor
66:08 Bracer
Connection lost

Rejoining the realm…

Still unreachable

The connection could not be restored.

Session expired

The server has moved on; the page needs a fresh start.